 Dungeon Crawl Stone Soup version 0.22-a0-142-g91cc6d7 (webtiles) character file.

2188 Azzok the Fighter (level 9, -1/68 HPs)
             Began as a Gargoyle Fighter on Feb 5, 2018.
             Was a Priest of Okawaru.
             Slain by an orc warrior
             ... wielding a +0 halberd
              (7 damage)
             ... on level 6 of the Dungeon.
             The game lasted 00:11:22 (6622 turns).

Azzok the Fighter (Gargoyle Fighter)                Turns: 6622, Time: 00:11:22

Health: -1/68      AC: 16    Str: 24    XL:     9   Next: 33%
Magic:  9/9        EV:  8    Int:  8    God:    Okawaru [***...]
Gold:   416        SH:  0    Dex:  9    Spells: 8/8 levels left

rFire    . . .     SeeInvis .   E - +2 long sword (freeze)
rCold    . . .     Gourm    .   (no shield)
rNeg     + . .     Faith    .   o - +0 chain mail
rPois    ∞         Spirit   .   (no helmet)
rElec    +         Reflect  .   (no cloak)
rCorr    .         Harm     .   v - +0 pair of gloves
MR       .....                  (no boots)
Stlth    ..........             (no amulet)
HPRegen  0.21/turn              (no ring)
MPRegen  0.11/turn              (no ring)

@: no status effects
A: negative energy resistance 1, electricity resistance, unbreathing,
petrification resistance, rot immunity, AC +6
a: Heroism, Renounce Religion


You were on level 6 of the Dungeon.
You worshipped Okawaru.
Okawaru was most pleased with you.
You were not hungry.

You visited 1 branch of the dungeon, and saw 6 of its levels.

You collected 416 gold pieces.

Inventory:

Hand Weapons
 E - a +2 long sword of freezing (weapon)
Missiles
 m - 39 arrows
Armour
 c - a +0 shield
 o - a +0 chain mail (worn)
 v - a +0 pair of gloves (worn)
Scrolls
 a - 2 scrolls of enchant weapon {unknown}
 b - 6 scrolls of identify
 g - 2 scrolls of remove curse
 h - 2 scrolls of magic mapping {unknown}
 j - 3 scrolls of fear {unknown}
 k - 3 scrolls of blinking {unknown}
 l - a scroll of enchant armour {unknown}
 n - 3 scrolls of teleportation {unknown}
 s - 4 scrolls of fog {unknown}
 w - 3 scrolls of amnesia {unknown}
 y - a scroll of random uselessness {unknown}
 B - a scroll of silence {unknown}
Potions
 e - 2 potions of magic {unknown}
 i - 4 potions of resistance {unknown}
 p - 3 potions of lignification {unknown}
 q - a potion of degeneration {unknown}
 r - a potion of curing {unknown}
 t - 2 potions of cancellation {unknown}
 u - a potion of invisibility {unknown}
 x - a potion of heal wounds {unknown}
 z - a potion of berserk rage
 A - 2 potions of haste {unknown}
 C - a potion of brilliance {unknown}
Books
 d - a book of Callings

   Spells                             Type                      Level
   a - Summon Small Mammal            Summoning                    1
   b - Call Imp                       Summoning                    2
   c - Call Canine Familiar           Summoning                    3
   d - Summon Guardian Golem          Hexes/Summoning              3
   e - Summon Lightning Spire         Summoning/Air                4
   f - Summon Ice Beast               Ice/Summoning                4
Comestibles
 f - 9 rations
 D - 11 chunks of flesh


   Skills:
 + Level 13.1 Fighting
 - Level 1.8 Long Blades
 - Level 3.3 Armour
 - Level 3.3 Shields


You had 8 spell levels left.
You didn't know any spells.

Dungeon Overview and Level Annotations

Branches:
Dungeon (6/15)             Temple (0/1) D:5

Altars:
Cheibriados
Hepliaklqana
Kikubaaqudgha
Makhleb
Okawaru
Yredelemnul


Innate Abilities, Weirdness & Mutations

You are resistant to torment.
Your stone body is resilient. (AC +6)
You are immune to poison.
You resist negative energy. (rN+)
You are resistant to electric shocks. (rElec)
You can survive without breathing.
You are immune to petrification.
You are immune to rotting.


Message History

You slash something! You freeze something. Okawaru accepts your kill.
Reactivating autopickup.
You feel a bit more experienced.
The orc warrior hits you with a halberd!
The orc warrior barely misses you.
You riposte.
You hit the orc warrior but do no damage.
Things that are here:
a dagger; a robe
There is a stone staircase leading down here.
The orc warrior hits you with a halberd!!
* * * LOW HITPOINT WARNING * * *
The orc warrior barely misses you.
The orc warrior hits you but does no damage.
The orc warrior hits you with a halberd!
* * * LOW HITPOINT WARNING * * *
An iguana comes into view.
The iguana hisses angrily.
The orc warrior hits you with a halberd!
You die...

···· ···= ▒▒▒▒ ▒ ·····
▒·· · ··· ▒▒▒▒ ▒·▒▒▒▒▒▒▒
··> ··▒▒▒▒▒▒▒·······▒ ·
▒·▒▒·▒··o·oo·······▒
····▒·l▒·▒W▒▒▒▒▒·······▒
▒·····@o····▒▒▒>!······
··············()·······▒
▒▒▒·▒····▒·▒·▒▒▒········
▒ ▒····▒·▒·▒ ▒·······▒
▒·▒··▒·▒·▒ ▒▒▒▒▒·▒▒·
▒·▒··▒·▒·▒ ▒·▒ ▒
▒·▒····▒· ▒·▒ ▒
··▒··▒▒▒· ▒·▒ ▒ ·· ▒


You could see a hungry ghost, an orc warrior (berserk) and an iguana.

Vanquished Creatures
  A hippogriff (D:4)
  Menkaure (D:6)
  A water moccasin (D:5)
  An ice beast (D:5)
  3 sky beasts (D:5)
  2 phantoms
  2 ogres (D:5)
  A bullfrog (D:6)
  2 scorpions
  The ghost of KristoblXynda the Slasher, a weakling NaGl of Gozag (D:3)
  3 wights (D:6)
  2 howler monkeys
  A crimson imp (D:5)
  A quasit (D:6)
  4 orc priests
  A hound (D:5)
  A gnoll shaman (D:4)
  2 iguanas
  An orc wizard (D:6)
  3 worker ants
  A worker ant zombie (D:5)
  7 gnolls
  5 adders
  2 shadow imps
  2 oozes
  An adder zombie (D:4)
  7 worms
  5 dart slugs
  2 leopard geckos
  16 orcs
  5 giant cockroaches
  4 goblins
  5 hobgoblins
  15 jackals
  2 kobolds
  2 quokkas
  3 ball pythons
  3 bats
  4 frilled lizards
  A leopard gecko skeleton (D:4)
  7 rats
  A spectral orc (D:2)
134 creatures vanquished.

Notes
Turn   | Place    | Note
-------+----------+-------------------------------------------
     0 | D:1      | Azzok the Gargoyle Fighter began the quest for the Orb.
     0 | D:1      | Reached XP level 1. HP: 14/14 MP: 1/1
   147 | D:1      | Reached XP level 2. HP: 17/20 MP: 2/2
   169 | D:1      | Reached skill level 4 in Fighting
   696 | D:1      | Reached XP level 3. HP: 21/24 MP: 3/3
  1108 | D:2      | Reached skill level 5 in Fighting
  1279 | D:2      | Found an iron altar of Okawaru.
  1289 | D:2      | Became a worshipper of Warmaster Okawaru
  1307 | D:2      | Reached XP level 4. HP: 31/31 MP: 4/4
  1855 | D:2      | Reached skill level 6 in Fighting
  1922 | D:2      | Reached XP level 5. HP: 36/36 MP: 5/5
  1994 | D:2      | Found a snail-covered altar of Cheibriados.
  2081 | D:2      | Found a basalt altar of Yredelemnul.
  2243 | D:3      | Noticed KristoblXynda's ghost (weakling NaGl)
  2289 | D:3      | Killed KristoblXynda's ghost
  2707 | D:3      | Reached skill level 7 in Fighting
  2707 | D:3      | Reached XP level 6. HP: 11/44 MP: 6/6
  3471 | D:4      | Noticed a hippogriff
  3490 | D:4      | Killed a hippogriff
  3490 | D:4      | Reached * piety under Okawaru
  3490 | D:4      | Reached skill level 8 in Fighting
  3705 | D:4      | Reached XP level 7. HP: 50/50 MP: 7/7
  3787 | D:4      | Reached skill level 9 in Fighting
  4662 | D:5      | Entered Level 5 of the Dungeon
  4842 | D:5      | Reached skill level 10 in Fighting
  4842 | D:5      | Reached XP level 8. HP: 57/57 MP: 8/8
  4904 | D:5      | Found a hazy altar of Hepliaklqana.
  4965 | D:5      | Reached ** piety under Okawaru
  5332 | D:5      | Reached skill level 11 in Fighting
  5857 | D:5      | Found a burning altar of Makhleb.
  5950 | D:5      | Reached skill level 12 in Fighting
  6006 | D:5      | Found a staircase to the Ecumenical Temple.
  6036 | D:5      | Found an ancient bone altar of Kikubaaqudgha.
  6223 | D:6      | Reached XP level 9. HP: 58/65 MP: 9/9
  6408 | D:6      | Reached *** piety under Okawaru
  6592 | D:6      | Noticed Menkaure
  6600 | D:6      | Killed Menkaure
  6600 | D:6      | Reached skill level 13 in Fighting
  6622 | D:6      | Slain by an orc warrior

Vault maps used:
D:1:      minmay_arrival_nine_rooms
D:2:      lemuel_round_altar, yredelemnul_forgotten_temple_becter,
          okawaru_trees_2
D:3:      nicolae_underground_beach
D:4:      feat_on_display
D:5:      nicolae_overflow_crystal_walls, nicolae_overflow_hidden_temple,
          kiku_gazebo_pond_becter, minmay_temple_entry_butterflies, first_ration
D:6:      cheibrodos_quashed, portal_sewer_entry_b, minmay_misc_feat_room,
          uniq_menkaure

Skill      XL: |  1  2  3  4  5  6  7  8  9 |
---------------+----------------------------+-----
Fighting       | 4 5 6 7 8 10 12 13 | 13.1
Long Blades    | |  1.8
Armour         | |  3.3
Shields        | |  3.3

Action                   |  1- 3 |  4- 6 |  7- 9 || total
-------------------------+-------+-------+-------++-------
Melee: Long sword        |   109 |   157 |   386 ||   652
Invok: Heroism           |       |       |     1 ||     1
  Use: Potion            |       |     1 |       ||     1
       Scroll            |       |       |     2 ||     2
  Eat: Chunk             |     1 |     8 |    11 ||    20
Armor: Scale mail        |    60 |       |       ||    60
       Chain mail        |    14 |   137 |   295 ||   446
Dodge: Dodged            |    60 |    70 |   173 ||   303
       Rpst.: Long sword |    22 |    23 |    46 ||    91

Table legend:
 A = Spawn XP
 B = Non-spawn XP
 C = Spawn XP percentage of total XP
 D = Spawn monster count
 E = Non-spawn monster count
 F = Spawn count percentage of total count
 G = Total turns spent on level
                    A         B        C        D         E        F      G
               +---------+---------+-------+---------+---------+-------+---------
         Total |       0 |    3127 |   0.0 |       0 |     134 |   0.0 |  6622
               +---------+---------+-------+---------+---------+-------+---------
           D:1 |       0 |      54 |   0.0 |       0 |      20 |   0.0 |  1046
           D:2 |       0 |     118 |   0.0 |       0 |      28 |   0.0 |  1130
           D:3 |       0 |     176 |   0.0 |       0 |      17 |   0.0 |  1244
           D:4 |       0 |     690 |   0.0 |       0 |      22 |   0.0 |  1242
           D:5 |       0 |    1302 |   0.0 |       0 |      29 |   0.0 |  1555
           D:6 |       0 |     787 |   0.0 |       0 |      18 |   0.0 |   405
               +---------+---------+-------+---------+---------+-------+---------
